 Dungeon Crawl Stone Soup version 0.19.0-19-g8c6edcc (webtiles) character file.

6644 AAAAA the Carver (level 11, -9/71 HPs)
             Began as an Octopode Warper on Nov 12, 2016.
             Was an Initiate of Gozag.
             Mangled by a troll (14 damage)
             ... on level 9 of the Dungeon.
             The game lasted 00:45:07 (12380 turns).

AAAAA the Carver (Octopode Warper)                 Turns: 12380, Time: 00:45:07

Health: -9/71      AC:  1    Str: 11    XL:     11   Next: 2%
Magic:  0/14       EV: 19    Int: 16    God:    Gozag
Gold:   468        SH:  0    Dex: 14    Spells: 4 memorised, 4 levels left

rFire  . . .     SeeInvis .     a - +2 falchion (flame)
rCold  . . .     Gourm    .     (no shield)
rNeg   . . .     Faith    .     R - +0 hat
rPois  .         Spirit   +     m - amulet of guardian spirit
rElec  .         Reflect  .     (no ring)
rCorr  .         Harm     .     (no ring)
MR     .....                    (no ring)
Stlth  ++........               (no ring)
                                (no ring)
                                (no ring)
                                (no ring)
                                (no ring)

@: no status effects
A: almost no armour, stealthy swim, amphibious, 8 rings, constrict 8, camouflage
1, gelatinous body 1
a: Potion Petition, Call Merchant, Bribe Branch, Renounce Religion


You were on level 9 of the Dungeon.
You worshipped Gozag.
Gozag was aware of your devotion.
You were very hungry.

You visited 3 branches of the dungeon, and saw 13 of its levels.

You collected 1842 gold pieces.
You spent 600 gold pieces at shops.
You paid 774 gold pieces to Gozag.

Inventory:

Hand Weapons
 a - a +2 falchion of flaming (weapon)
 g - a +0 shortbow
 z - a +0 long sword
 B - the +7 trident "Dagin" {pierce, rF++ SInv}
   (You found it on level 9 of the Dungeon)

   It inflicts extra damage upon your enemies.
   It greatly protects you from fire.
   It lets you see invisible.
 L - a +0 blowgun
 O - a +4 long sword
 P - a +2 scimitar
Missiles
 d - 5 tomahawks of dispersal
 k - 73 poisoned needles
 t - 88 arrows
 w - 158 stones
 x - a javelin of returning (quivered)
 J - 4 curare-tipped needles
 N - a throwing net
 Q - 7 steel tomahawks
Armour
 R - a +0 hat (worn)
Jewellery
 h - an uncursed ring of ice
 m - an amulet of guardian spirit (around mantle)
Wands
 n - a wand of iceblast (0/15)
 K - a wand of lightning (0/15)
Scrolls
 c - 3 scrolls of blinking
 e - 10 scrolls of teleportation
 o - 2 scrolls of enchant weapon {unknown}
 q - a scroll of magic mapping
 y - 4 scrolls of amnesia {unknown}
 C - a scroll of fog
 D - 4 scrolls of remove curse
 F - 2 scrolls of random uselessness {unknown}
 G - a scroll of noise {unknown}
 T - a scroll of enchant armour {unknown}
Potions
 i - a potion of might
 j - a potion of invisibility {unknown}
 l - 2 potions of cancellation
 p - a potion of flight {unknown}
 r - 2 potions of mutation
 s - a potion of lignification {unknown}
 u - a potion of resistance {unknown}
 A - 2 potions of curing
 H - 2 potions of haste
 I - a potion of agility {unknown}
Books
 b - a book of Spatial Translocations

   Spells                             Type                      Level
   a - Blink                          Translocation                2
   b - Shroud of Golubria             Charms/Translocation         2
   c - Lesser Beckoning               Translocation                3
   d - Portal Projectile              Translocation                3
   e - Teleport Other                 Translocation                3
   f - Passage of Golubria            Translocation                4
 v - a book of Minor Magic

   Spells                             Type                      Level
   a - Magic Dart                     Conjuration                  1
   b - Blink                          Translocation                2
   c - Call Imp                       Summoning                    2
   d - Repel Missiles                 Charms/Air                   2
   e - Slow                           Hexes                        2
   f - Conjure Flame                  Conjuration/Fire             3
   g - Mephitic Cloud                 Conjuration/Poison/Air       3
 E - a book of Misfortune

   Spells                             Type                      Level
   a - Confusing Touch                Hexes                        1
   b - Confuse                        Hexes                        3
   c - Gell's Gravitas                Hexes/Translocation          3
   d - Petrify                        Transmutation/Earth          4
   e - Metabolic Englaciation         Hexes/Ice                    5
   f - Yara's Violent Unravelling     Hexes/Transmutation          5
 S - a book of Clouds

   Spells                             Type                      Level
   a - Mephitic Cloud                 Conjuration/Poison/Air       3
   b - Conjure Flame                  Conjuration/Fire             3
   c - Poisonous Cloud                Conjuration/Poison/Air       6
   d - Freezing Cloud                 Conjuration/Ice/Air          6
   e - Ring of Flames                 Charms/Fire                  7
Miscellaneous
 U - a lamp of fire (inert)
Comestibles
 f - 8 bread rations
 M - 4 beef jerkies


   Skills:
 - Level 5.1 Fighting
 + Level 12.1 Long Blades
 - Level 1.0 Throwing
 + Level 9.7 Dodging
 - Level 2.0 Spellcasting
 - Level 3.0 Translocations
 + Level 3.5 Evocations


You had 4 spell levels left.
You knew the following spells:

 Your Spells              Type           Power        Failure   Level  Hunger
a - Blink                 Tloc           N/A          10%         2    ###....
b - Teleport Other        Tloc           ##......     17%         3    ###....
c - Portal Projectile     Tloc           ##....       17%         3    ###....
d - Shroud of Golubria    Chrm/Tloc      #.........   17%         2    ###....


Dungeon Overview and Level Annotations

Branches:
Dungeon (10/15)            Temple (1/1) D:5            Lair (0/6) D:10
    Orc (2/2) D:9             Elf (0/3) Orc:2

Altars:
Ashenzari
Cheibriados
Dithmenos
Elyvilon
Fedhas
Gozag
Hepliaklqana
Kikubaaqudgha
Makhleb
Nemelex Xobeh
Okawaru
Qazlal
Ru
Sif Muna
Trog
Uskayaw
Vehumet
Xom
Yredelemnul
Zin
The Shining One

Shops:
D:9 }

Annotations:
D:8 Gastronok
D:10 Mulkerokala's ghost, journeyman OpTm


Innate Abilities, Weirdness & Mutations

You cannot wear most types of armour.
You are very stealthy in the water. (Stealth+)
You are amphibious.
You can wear up to eight rings at the same time.
You can use your tentacles to constrict eight enemies at once.
Your skin changes colour to match your surroundings (Stealth+).
Your rubbery body absorbs attacks. (AC +1, EV +1)


Message History

Unknown command.
You hit the troll. You burn the troll.
The troll is almost dead.
The troll misses you.
You riposte.
You hit the troll but do no damage.
The troll is almost dead.
The troll claws you!
* * * LOW HITPOINT WARNING * * *
The troll claws you!
* * * LOW HITPOINT WARNING * * *
Casting: Shroud of Golubria
Confirm with . or Enter, or press ? or * to list all spells.
You don't have enough magic to cast that spell.
Unknown command.
Evoke which item? (* to show all) (? for menu, Esc to quit)
Aim the lamp in which direction?
Press: ? - help, Dir - move target cursor, f/p - troll
Aim: a troll (almost dead)
The flames dance!
The troll bites you!
You die...
Your body crumbles into a pile of gold.

#.......##### #.......#
..# ## #.......###.#
#######. ####
#...>..§.#.###.......
#..#
##.......§#..#..######
#..####........§.....##
#....#.........§§..###
#.##.#)#####T§§#.#.##
#.##..[....@§.......###
#.#.....##.######.....#
###.#[#...##.#
##....######
#..........#.#
##.#.)....#
#....[.......###
#...####.#
#.........##....#
##...# #..
#..<).....##.##.##
##..####.
#.........#..# ...
#...###. ###.####....#
#.## ##......


You could see a troll.

Vanquished Creatures
  An orc sorcerer (Orc:1)
  Maurice (D:8)
  A troll (Orc:1)
  Prince Ribbit (D:8)
  4 yaks (D:9)
  A wyvern (D:8)
  Grum (D:8)
  A hungry ghost (D:9)
  A warg (Orc:2)
  A water moccasin (D:7)
  5 orc warriors
  3 sky beasts
  An ice beast (D:7)
  2 phantoms
  5 ogres
  3 wolves (D:8)
  2 centaurs
  3 bullfrogs
  A big kobold (D:10)
  5 scorpions
  6 killer bees
  5 wights (D:9)
  4 crimson imps
  A quasit (D:8)
  2 hounds
  A jelly (D:9)
  14 orc wizards
  6 orc priests
  A bullfrog skeleton (D:5)
  Jessica (D:3)
  7 worker ants
  4 iguanas
  2 killer bee zombies
  2 worker ant zombies
  12 adders
  3 adder skeletons
  An adder zombie (D:6)
  5 worms
  4 dart slugs
  2 leopard geckos
  37 orcs
  8 giant cockroaches
  5 goblins
  8 hobgoblins
  4 jackals (D:3)
  12 kobolds
  7 quokkas
  A ball python (D:4)
  3 bats
  A frilled lizard (D:5)
  A jackal skeleton (D:5)
  9 rats
222 creatures vanquished.

Notes
Turn   | Place    | Note
-------+----------+-------------------------------------------
     0 | D:1      | AAAAA the Octopode Warper began the quest for the Orb.
     0 | D:1      | Reached XP level 1. HP: 14/14 MP: 3/3
   178 | D:1      | Reached XP level 2. HP: 15/19 MP: 5/5
   183 | D:1      | Learned a level 2 spell: Blink
   270 | D:1      | Reached skill level 3 in Long Blades
   922 | D:2      | Reached XP level 3. HP: 24/24 MP: 6/6
   932 | D:2      | Learned a level 3 spell: Teleport Other
  1126 | D:2      | Reached skill level 4 in Long Blades
  1126 | D:2      | Reached XP level 4. HP: 18/29 MP: 7/7
  2526 | D:3      | Noticed Jessica
  2535 | D:3      | Reached XP level 5. HP: 28/36 MP: 8/8
  2561 | D:3      | Found a shadowy altar of Dithmenos.
  2567 | D:3      | Killed Jessica
  3058 | D:3      | Found a white marble altar of Elyvilon.
  3154 | D:4      | Noticed a phantom
  3243 | D:4      | HP: 1/37 [iguana (8)]
  3366 | D:4      | Reached XP level 6. HP: 18/44 MP: 9/9
  3607 | D:5      | Entered Level 5 of the Dungeon
  3672 | D:4      | Found a burning altar of Makhleb.
  3672 | D:4      | Found a deep blue altar of Sif Muna.
  3819 | D:4      | Found a glowing golden altar of the Shining One.
  4038 | D:4      | Reached skill level 5 in Fighting
  4250 | D:4      | Killed a phantom
  4250 | D:4      | Reached skill level 5 in Long Blades
  4540 | D:4      | Reached XP level 7. HP: 18/50 MP: 10/10
  5124 | D:5      | Reached skill level 6 in Long Blades
  5140 | D:5      | Learned a level 3 spell: Portal Projectile
  5417 | D:5      | Found a staircase to the Ecumenical Temple.
  5435 | Temple   | Entered the Ecumenical Temple
  5537 | Temple   | Became a worshipper of Gozag Ym Sagoz the Greedy
  5738 | D:5      | Learned a level 2 spell: Shroud of Golubria
  5751 | D:5      | Reached skill level 7 in Long Blades
  6030 | D:6      | Noticed Prince Ribbit
  6511 | D:6      | Reached XP level 8. HP: 18/55 MP: 11/11
  6666 | D:7      | You fall through a shaft for 2 floors!
  6682 | D:9      | Reached skill level 8 in Long Blades
  6710 | D:9      | Got a slimy trident
  6745 | D:8      | Noticed Maurice
  6754 | D:8      | Found a shimmering altar of Xom.
  6780 | D:8      | Killed Prince Ribbit
  6803 | D:8      | HP: 2/55 [something (8)]
  6806 | D:8      | Killed Maurice
  6806 | D:8      | Reached skill level 9 in Long Blades
  6816 | D:8      | Identified the +7 trident "Dagin" {pierce, rF++ SInv} (You found it on level 9 of the Dungeon)
  6992 | D:8      | Noticed Gastronok
  7244 | D:7      | Reached skill level 5 in Dodging
  7244 | D:7      | Reached XP level 9. HP: 57/61 MP: 7/12
  7962 | D:8      | Reached skill level 10 in Long Blades
  8221 | D:8      | Noticed Grum
  8263 | D:8      | Killed Grum
  8571 | D:9      | Reached XP level 10. HP: 66/66 MP: 11/13
  8783 | D:7      | Reached skill level 11 in Long Blades
  9936 | D:10     | Entered Level 10 of the Dungeon
  9958 | D:10     | Found a staircase to the Lair.
 10143 | D:9      | Found a staircase to the Orcish Mines.
 10333 | Orc:1    | Entered Level 1 of the Orcish Mines
 10439 | Orc:1    | Reached skill level 1 in Evocations
 10663 | Orc:1    | Noticed an orc sorcerer
 10922 | D:10     | Noticed Mulkerokala's ghost (journeyman OpTm)
 11527 | Orc:1    | Paralysed by an orc sorcerer for 6 turns
 11538 | Orc:1    | Killed an orc sorcerer
 11689 | Orc:2    | Entered Level 2 of the Orcish Mines
 11689 | Orc:2    | Noticed an orc knight
 11689 | Orc:2    | Noticed an orc sorcerer
 11816 | Orc:1    | Reached skill level 12 in Long Blades
 12163 | Orc:2    | Reached XP level 11. HP: 47/71 MP: 6/14
 12200 | Orc:2    | Found a staircase to the Elven Halls.
 12265 | D:9      | Bought a lamp of fire for 600 gold pieces
 12380 | D:9      | Mangled by a troll

Skill      XL: |  1  2  3  4  5  6  7  8  9 10 |
---------------+-------------------------------+-----
Long Blades    | 3 4 5 7 9 10 12 | 12.1
Fighting       | 4 5 |  5.1
Dodging        | 5 7 9 |  9.7
Evocations     | 3 |  3.5
Throwing       | |  1.0
Spellcasting   | |  2.0
Translocations | |  3.0

Action                   |  1- 3 |  4- 6 |  7- 9 | 10-12 || total
-------------------------+-------+-------+-------+-------++-------
Melee: Falchion          |    41 |   159 |   222 |   278 ||   700
       Constrict         |    14 |    38 |    43 |    55 ||   150
       Tentacles         |     5 |    37 |    44 |    71 ||   157
       Mace              |       |     1 |       |       ||     1
       Trident           |       |       |     4 |       ||     4
Throw: Javelin           |       |       |    27 |     5 ||    32
 Cast: Blink             |       |     1 |    19 |     6 ||    26
       Teleport Other    |       |     1 |     1 |       ||     2
       Shroud of Golubri |       |       |    10 |     4 ||    14
Invok: Call Merchant     |       |       |       |     1 ||     1
Evoke: Wand              |       |       |     3 |     4 ||     7
       Lamp of fire      |       |       |       |     1 ||     1
  Use: Scroll            |       |     5 |     3 |     3 ||    11
       Potion            |       |     1 |     3 |     1 ||     5
 Stab: Sleeping          |     3 |     9 |     3 |     5 ||    20
       Distracted        |       |       |     2 |     1 ||     3
  Eat: Chunk             |     1 |     6 |     3 |       ||    10
       Meat ration       |       |     1 |     2 |       ||     3
       Pizza             |       |       |     1 |     2 ||     3
       Beef jerky        |       |       |       |     4 ||     4
       Bread ration      |       |       |       |     1 ||     1
Armor: Skin              |     3 |    11 |     5 |     7 ||    26
Dodge: Dodged            |    29 |    77 |   128 |   176 ||   410
       Rpst.: Falchion   |    10 |    20 |    38 |    51 ||   119
